 Dungeon Crawl Stone Soup version 0.20.1-1-g8b1a95d (webtiles) character file.

87 Starchild the Bolt Thrower (level 4, -1/26 HPs)
             Began as a Kobold Hunter on July 26, 2017.
             Killed from afar by an orc wizard (7 damage)
             ... with a magic dart
             ... on level 3 of the Dungeon.
             The game lasted 00:05:47 (2152 turns).

Starchild the Bolt Thrower (Kobold Hunter)          Turns: 2152, Time: 00:05:48

Health: -1/26      AC:  5    Str:  9    XL:     4   Next: 80%
Magic:  4/4        EV: 14    Int: 13    God:
Gold:   107        SH:  0    Dex: 15    Spells: 3/3 levels left

rFire    . . .     SeeInvis .   b - +0 short sword
rCold    . . .     Gourm    .   (shield restricted)
rNeg     . . .     Faith    .   c - +0 leather armour
rPois    .         Spirit   .   (no helmet)
rElec    .         Reflect  .   (no cloak)
rCorr    .         Harm     .   n - +0 pair of gloves (curse)
MR       .....                  i - +0 pair of boots
Stlth    ++........             (no amulet)
Regen    0.1/turn               (no ring)
MPRegen  0.1/turn               (no ring)

@: no status effects
A: carnivore 3
a: no special abilities


You were on level 3 of the Dungeon.
You were not hungry.

You visited 1 branch of the dungeon, and saw 3 of its levels.

You collected 107 gold pieces.

Inventory:

Hand Weapons
 a - a +1 hand crossbow
 b - a +0 short sword (weapon)
Missiles
 d - 15 bolts
 o - 49 stones (quivered)
Armour
 c - a +0 leather armour (worn)
 i - a +0 pair of boots (worn)
 n - a cursed +0 pair of gloves (worn)
Jewellery
 p - a cursed +5 amulet of reflection {unknown}
Scrolls
 g - a scroll of blinking {unknown}
 j - a scroll of fear {unknown}
 k - 4 scrolls of teleportation {unknown}
 l - 2 scrolls of amnesia
 s - a scroll of immolation {unknown}
 u - a scroll of fog {unknown}
 v - a scroll of identify {unknown}
 x - a scroll of random uselessness {unknown}
 y - a scroll of remove curse {unknown}
Potions
 e - a potion of cancellation {unknown}
 h - 3 potions of flight {unknown}
 m - 4 potions of heal wounds {unknown}
 q - a potion of berserk rage {unknown}
 r - a potion of brilliance {unknown}
 t - a potion of haste {unknown}
 z - a potion of curing {unknown}
Comestibles
 f - a meat ration
 w - a royal jelly


   Skills:
 - Level 2.1 Fighting
 + Level 7.0 Crossbows
 - Level 2.4 Dodging
 - Level 1.3 Stealth


You had 3 spell levels left.
You didn't know any spells.

Dungeon Overview and Level Annotations

Branches:
Dungeon (3/15)

Altars:


Innate Abilities, Weirdness & Mutations

You are small and have problems with some larger weapons.
You are carnivorous and can eat meat at any time.


Message History

The orc closely misses you.
You hit the orc.
You kill the orc!
You hit the orc.
The orc is lightly wounded.
You closely miss something. You hit something but do no damage.
Something barely misses you.
You closely miss something. Something hits you but does no damage.
You barely miss something. Something hits you but does no damage.
Something hits you.
You hit something. Something hits you.
You barely miss something. Something hits you.
You closely miss something. Something hits you.
You miss something. Something hits you.
You closely miss something. Something hits you but does no damage.
You miss something. Something hits you.
* * * LOW HITPOINT WARNING * * *
A magic dart appears from out of thin air!
The magic dart hits you!
You die...

#. #. #. #. ###.
########### ...
#.........# ####
######r####.........##...#
......o{.@..............
#...#######.........#.# #
#...........#
.............†##
#.##.........##
#............#
###...........#
.....######..##
.....###...###


You could see an orc and a rat.

Vanquished Creatures
  3 adders
  An ooze (D:1)
  An adder zombie (D:1)
  2 worms (D:2)
  A dart slug (D:1)
  2 orcs (D:3)
  6 bats
  5 giant cockroaches
  4 goblins
  5 hobgoblins
  2 jackals (D:1)
  2 frilled lizards
  A giant cockroach zombie (D:1)
  4 kobolds
  5 rats
44 creatures vanquished.

Notes
Turn   | Place    | Note
-------+----------+-------------------------------------------
     0 | D:1      | Starchild the Kobold Hunter began the quest for the Orb.
     0 | D:1      | Reached XP level 1. HP: 12/12 MP: 1/1
    31 | D:1      | Reached skill level 5 in Crossbows
   101 | D:1      | Reached XP level 2. HP: 11/17 MP: 2/2
   460 | D:1      | Reached XP level 3. HP: 13/21 MP: 3/3
  1312 | D:2      | Reached skill level 6 in Crossbows
  1514 | D:2      | Reached XP level 4. HP: 26/26 MP: 4/4
  2088 | D:3      | Reached skill level 7 in Crossbows
  2152 | D:3      | Killed from afar by an orc wizard

Skill      XL: |  1  2  3  4 |
---------------+-------------+-----
Crossbows      | 5 6 7 |  7.0
Fighting       | |  2.1
Dodging        | |  2.4
Stealth        | |  1.3

Action                   |  1- 3 |  4- 6 || total
-------------------------+-------+-------++-------
Melee: Short sword       |    99 |    49 ||   148
 Fire: Hand crossbow     |    21 |    18 ||    39
Throw: Stone             |     2 |       ||     2
  Use: Scroll            |       |     1 ||     1
 Stab: Sleeping          |     1 |     2 ||     3
  Eat: Chunk             |     4 |       ||     4
Armor: Leather armour    |    25 |    18 ||    43
Dodge: Dodged            |   102 |    33 ||   135
